Workbook

Sheet estados
A1: codigo_uf | B1: uf | C1: nome | D1: latitude | E1: longitude
A2: 11 | B2: RO | C2: Rondônia | D2: -10.83 | E2: -63.34
A3: 12 | B3: AC | C3: Acre | D3: -8.77 | E3: -70.55
A4: 13 | B4: AM | C4: Amazonas | D4: -3.47 | E4: -65.1
A5: 14 | B5: RR | C5: Roraima | D5: 1.99 | E5: -61.33
A6: 15 | B6: PA | C6: Pará | D6: -3.79 | E6: -52.48
A7: 16 | B7: AP | C7: Amapá | D7: 1.41 | E7: -51.77
A8: 17 | B8: TO | C8: Tocantins | D8: -9.46 | E8: -48.26
A9: 21 | B9: MA | C9: Maranhão | D9: -5.42 | E9: -45.44
A10: 22 | B10: PI | C10: Piauí | D10: -6.6 | E10: -42.28
A11: 23 | B11: CE | C11: Ceará | D11: -5.2 | E11: -39.53
A12: 24 | B12: RN | C12: Rio Grande do Norte | D12: -5.81 | E12: -36.59
A13: 25 | B13: PB | C13: Paraíba | D13: -7.28 | E13: -36.72
... A28: 53 | B28: DF | C28: Distrito Federal | D28: -15.83 | E28: -47.86

Sheet Municipio - Estado
A1: codigo_ibge | B1: nome | C1: latitude | D1: longitude | E1: capital | F1: codigo_uf | G1: estado
A2: 5200050 | B2: Abadia de Goiás | C2: -16.7573 | D2: -49.4412 | E2: 0 | F2: 52 | G2: =VLOOKUP(F2,estados!$A$2:$C$28,3,false) -> Goiás
A3: 3100104 | B3: Abadia dos Dourados | C3: -18.4831 | D3: -47.3916 | E3: 0 | F3: 31 | G3: =VLOOKUP(F3,estados!$A$2:$C$28,3,false) -> Minas Gerais
A4: 5200100 | B4: Abadiânia | C4: -16.197 | D4: -48.7057 | E4: 0 | F4: 52 | G4: =VLOOKUP(F4,estados!$A$2:$C$28,3,false) -> Goiás
A5: 3100203 | B5: Abaeté | C5: -19.1551 | D5: -45.4444 | E5: 0 | F5: 31 | G5: =VLOOKUP(F5,estados!$A$2:$C$28,3,false) -> Minas Gerais
A6: 1500107 | B6: Abaetetuba | C6: -1.72183 | D6: -48.8788 | E6: 0 | F6: 15 | G6: =VLOOKUP(F6,estados!$A$2:$C$28,3,false) -> Pará
A7: 2300101 | B7: Abaiara | C7: -7.34588 | D7: -39.0416 | E7: 0 | F7: 23 | G7: =VLOOKUP(F7,estados!$A$2:$C$28,3,false) -> Ceará
A8: 2900108 | B8: Abaíra | C8: -13.2488 | D8: -41.6619 | E8: 0 | F8: 29 | G8: =VLOOKUP(F8,estados!$A$2:$C$28,3,false) -> Bahia
A9: 2900207 | B9: Abaré | C9: -8.72073 | D9: -39.1162 | E9: 0 | F9: 29 | G9: =VLOOKUP(F9,estados!$A$2:$C$28,3,false) -> Bahia
A10: 4100103 | B10: Abatiá | C10: -23.3049 | D10: -50.3133 | E10: 0 | F10: 41 | G10: =VLOOKUP(F10,estados!$A$2:$C$28,3,false) -> Paraná
A11: 4200051 | B11: Abdon Batista | C11: -27.6126 | D11: -51.0233 | E11: 0 | F11: 42 | G11: =VLOOKUP(F11,estados!$A$2:$C$28,3,false) -> Santa Catarina
A12: 1500131 | B12: Abel Figueiredo | C12: -4.95333 | D12: -48.3933 | E12: 0 | F12: 15 | G12: =VLOOKUP(F12,estados!$A$2:$C$28,3,false) -> Pará
A13: 4200101 | B13: Abelardo Luz | C13: -26.5716 | D13: -52.3229 | E13: 0 | F13: 42 | G13: =VLOOKUP(F13,estados!$A$2:$C$28,3,false) -> Santa Catarina
... A5571: 4219853 | B5571: Zortéa | C5571: -27.4521 | D5571: -51.552 | E5571: 0 | F5571: 42 | G5571: =VLOOKUP(F5571,estados!$A$2:$C$28,3,false) -> Santa Catarina
